 Dungeon Crawl Stone Soup version 0.31.0-1-g2c135a008e (webtiles) character file.

Game seed: 10085565375498477463

70 qw the Shooter (level 4, 0/35 HPs)
             Began as a Djinni Hunter on Jan 23, 2024.
             Slain by Ijyb
             ... wielding a +4 club
              (6 damage)
             ... on level 3 of the Dungeon.
             The game lasted 00:00:05 (1324 turns).

qw the Shooter (Djinni Hunter)                      Turns: 1324, Time: 00:00:05

Health: 0/35       AC:  6    Str: 10    XL:     4   Next: 45%
Gold:   118        EV:  9    Int: 11    God:
                   SH:  0    Dex: 18

rFire   + + .        a - +0 shortbow
rCold   . . .        (shield currently unavailable)
rNeg    . . .        c - +0 leather armour
rPois   inf          (no helmet)
rElec   .            (no cloak)
rCorr   .            d - +2 pair of gloves
SInv    .            (boots unavailable)
Will    .....        (no amulet)
Stlth   ++           j - ring of protection from cold
HPRegen 0.25/turn    (no ring)
MPRegen 0.00/turn

%: infuse magic (-1 HP)
@: grasped by roots, flying, constricted
A: sickness immunity, fire resistance 2, cold vulnerability 1, float, innate
caster, HP casting, extra vitality 1
a: no special abilities


You were on level 3 of the Dungeon.
You visited 1 branch of the dungeon, and saw 3 of its levels.

You collected 118 gold pieces.


Innate Abilities, Weirdness & Mutations

You are immune to sickness and miasma.
You are immune to poison.
Your flesh is very heat resistant. (rF++)
You are vulnerable to cold. (rC-)
You float through the air rather than walking.
You learn spells naturally, not from books.
Your magical power is your life essence.
You have superior vitality. (+4 MHP)


   Skills:
 - Level 3.0 Fighting
 - Level 4.0 Ranged Weapons
 + Level 2.8 Dodging
 - Level 0.7 Stealth


You knew the following spells:

 Your Spells              Type           Power      Damage    Failure   Level
a - Slow                  Hex            0%         N/A       43%         1
Your spell library was empty.

Inventory:

Hand Weapons
 a - a +0 shortbow (weapon)
Armour
 c - a +0 leather armour (worn)
 d - a +2 pair of gloves (worn)
Jewellery
 j - a ring of protection from cold (left hand)
Scrolls
 b - a scroll of noise {unknown}

Dungeon Overview and Level Annotations

Branches:
Dungeon (3/15)

Altars:

Annotations:
D:3 Ijyb


Message History

Ijyb is moderately wounded.
Ijyb hits you with a +4 club.
You shoot an arrow. The arrow closely misses Ijyb.
Ijyb zaps a wand.
The roots erupt in riotous growth!
The grasping roots grab you!
Ijyb is unaffected.
The grasping roots constrict you.
You hear a shout! x7; You hear an angry hiss.
You shoot an arrow. The arrow closely misses Ijyb.
Ijyb barely misses you. The grasping roots constrict you.
Ijyb screams, "I no like you!" Ijyb hits you but does no damage.
The grasping roots constrict you.
You shoot an arrow. The arrow hits Ijyb but does no damage.
Ijyb is moderately wounded.
Ijyb hits you with a +4 club. The grasping roots constrict you.
The grasping roots release their grip on you.
You shoot an arrow. The arrow hits Ijyb but does no damage.
Ijyb is moderately wounded.
Ijyb misses you.
You shoot an arrow. The arrow closely misses Ijyb.
Ijyb hits you but does no damage.
You shoot an arrow. The arrow closely misses Ijyb.
Ijyb closely misses you.
A jackal comes into view.
Ijyb barely misses you.
You shoot an arrow. The arrow hits Ijyb but does no damage.
Ijyb is moderately wounded.
Ijyb barely misses you.
You shoot an arrow. The arrow hits Ijyb but does no damage.
Ijyb is moderately wounded.
Ijyb zaps a wand.
The roots erupt in riotous growth!
The grasping roots grab you!
Ijyb is unaffected.
The grasping roots constrict you.
You hear a shout! x6
You shoot an arrow. The arrow hits Ijyb.
Ijyb is heavily wounded.
Ijyb barely misses you. The grasping roots constrict you.
You shoot an arrow. The arrow hits Ijyb.
Ijyb is severely wounded.
Ijyb hits you with a +4 club.
You die...

#.###.######.
#<#..........
###...#######
#...# #...#
#...# #...#
#.### #g@#
.......h#
#####...#
##..# ##.#
8.# ..# !..


You could see Ijyb and a jackal.

Vanquished Creatures
  3 gnolls (D:2)
  An adder (D:2)
  A ribbon worm (D:2)
  A dart slug (D:1)
  3 bats
  2 endoplasms
  A giant cockroach (D:2)
  3 goblins
  3 hobgoblins (D:2)
  3 kobolds
  2 quokkas (D:1)
  A ball python (D:1)
  A frilled lizard (D:2)
  3 rats
28 creatures vanquished.

Notes
Turn   | Place    | Note
-------+----------+-------------------------------------------
     0 | D:1      | qw the Djinni Hunter began the quest for the Orb.
     0 | D:1      | Reached XP level 1. HP: 18/18 MP: 0/0
     0 | D:1      | Noticed a tentacled monstrosity
     0 | D:1      | 0 ||| qw: Version: 0.3-a-136-gdd3b4e8
     0 | D:1      | 0 ||| qw: Game counter: 1073
     0 | D:1      | 0 ||| qw: Melee chars always use a shield: true
     0 | D:1      | 0 ||| qw: God list: Okawaru
     0 | D:1      | 0 ||| qw: Allow faded altars: false
     0 | D:1      | 0 ||| qw: Do Orc after clearing Dungeon:15 true
     0 | D:1      | 0 ||| qw: Do second Lair branch before Depths: true
     0 | D:1      | 0 ||| qw: Lair rune preference: random
     0 | D:1      | 0 ||| qw: Goals: Normal
     0 | D:1      | 0 ||| PLANNING D:1-11
     1 | D:1      | Noticed a tentacled monstrosity
     3 | D:1      | Noticed a quicksilver dragon
     3 | D:1      | Noticed an orb of fire
     5 | D:1      | Noticed a shadow dragon
     6 | D:1      | Noticed a shadow dragon
     7 | D:1      | Noticed an orb of fire
     9 | D:1      | Noticed an iron dragon
    11 | D:1      | Noticed an ice dragon
    11 | D:1      | Noticed an ice dragon
    13 | D:1      | Noticed an orb of fire
    13 | D:1      | Noticed an ice dragon
    15 | D:1      | Noticed an iron dragon
    15 | D:1      | Noticed a green draconian
    15 | D:1      | Noticed a quicksilver dragon
    17 | D:1      | Noticed an ice dragon
    17 | D:1      | Noticed a tentacled monstrosity
    17 | D:1      | Noticed an iron dragon
    19 | D:1      | Noticed an ice dragon
    19 | D:1      | Noticed a purple draconian
   211 | D:1      | Reached XP level 2. HP: 23/23 MP: 0/0
   417 | D:1      | 417 ||| UPGRADING to +0 pair of gloves.
   422 | D:1      | 422 ||| UPGRADING to ring of protection from cold.
   423 | D:1      | 423 ||| READING scroll labelled KUYLUVI RIPI.
   423 | D:1      | 423 ||| ENCHANTING +0 pair of gloves.
   424 | D:1      | 424 ||| READING scroll labelled JOS FIOC JOFF.
   425 | D:1      | 425 ||| READING scroll labelled PIVU SIMONEU.
   425 | D:1      | 425 ||| IDENTIFYING lumpy grey potion
   426 | D:1      | 426 ||| READING scroll labelled NITUN NEC JISU.
   427 | D:1      | 427 ||| DROPPING scroll of butterflies.
   435 | D:2      | 435 ||| RETREEEEATING.
   448 | D:2      | Reached skill level 4 in Ranged Weapons
   448 | D:2      | Reached XP level 3. HP: 10/28 MP: 0/0
   448 | D:2      | Learned a level 1 spell: Slow
   450 | D:2      | HP: 7/29 [gnoll/+0 spear (4)]
   451 | D:2      | 451 ||| DRINKING potion of heal wounds.
   480 | D:2      | 480 ||| READING scroll of enchant armour.
   480 | D:2      | 480 ||| ENCHANTING +1 pair of gloves.
   493 | D:2      | Reached skill level 3 in Fighting
   493 | D:2      | Reached XP level 4. HP: 35/35 MP: 0/0
  1269 | D:2      | 1269 ||| READING scroll of identify.
  1269 | D:2      | 1269 ||| IDENTIFYING orange potion
  1270 | D:2      | 1270 ||| READING scroll labelled HUOBIR FAUKU.
  1274 | D:2      | 1274 ||| DROPPING potion of degeneration.
  1306 | D:3      | Noticed Ijyb
  1322 | D:3      | HP: 8/35 [constriction (5)]
  1324 | D:3      | Slain by Ijyb

Levels and vault maps discovered:
D:1:      shiori_arrival_whats_in_store_for_you, layout_basic
D:2:      layout_basic, minmay_misc_feat_cross
D:3:      minmay_bubble_buster, layout_basic, jmf_multi_god_temple,
          mainiacjoe_overflow_cross_hatched, uniq_robin, uniq_ijyb

Skill      XL: |  1  2  3 |
---------------+----------+-----
Ranged Weapons | 4 |  4.0
Fighting       | 3 |  3.0
Dodging        | |  2.8
Stealth        | |  0.7

Action                     |  1- 3 |  4- 6 || total
---------------------------+-------+-------++-------
   Fire: Shortbow          |    47 |    58 ||   105
    Use: Scroll            |     5 |     2 ||     7
         Potion            |     1 |       ||     1
 Armour: Leather armour    |    10 |     9 ||    19
  Dodge: Dodged            |     8 |    13 ||    21

Table legend:
 A = Non-vault XP
 B = Vault XP
 C = Vault XP percentage of total XP
 D = Non-vault monster count
 E = Vault monster count
 F = Vault count percentage of total count
                 A         B        C        D         E       F
            +---------+---------+-------+---------+---------+-------
      Total |     101 |       0 |   0.0 |      28 |       0 |   0.0
            +---------+---------+-------+---------+---------+-------
        D:1 |      18 |       0 |   0.0 |       9 |       0 |   0.0
        D:2 |      83 |       0 |   0.0 |      19 |       0 |   0.0
            +---------+---------+-------+---------+---------+-------
